 Dungeon Crawl Stone Soup version 0.25-a0-591-g2ad0d86 (webtiles) character file.

Game seed: 2689055934969686028, levelgen mode: deterministic

207 Faca the Skirmisher (level 5, -8/46 HPs)
             Began as a Barachi Fighter on Mar 14, 2020.
             Killed by divine providence
             ... invoked by an orc priest
              (10 damage)
             ... on level 4 of the Dungeon.
             The game lasted 00:05:15 (2524 turns).

Faca the Skirmisher (Barachi Fighter)               Turns: 2524, Time: 00:05:15

Health: -8/46      AC:  9    Str: 18    XL:     5   Next: 85%
Magic:  0/5        EV:  7    Int:  8    God:
Gold:   141        SH:  9    Dex: 12    Spells: 4/4 levels left

rFire    . . .     SeeInvis .   a - +0 long sword
rCold    . . .     Gourm    .   c - +0 kite shield
rNeg     . . .     Faith    .   b - +0 scale mail
rPois    .         Spirit   +   (no helmet)
rElec    .         Reflect  .   i - +0 cloak
rCorr    .         Harm     .   l - +0 pair of gloves
MR       .....                  (no boots)
Stlth    ..........             h - amulet of guardian spirit
HPRegen  0.15/turn              (no ring)
MPRegen  0.09/turn              (no ring)

@: slow
A: +LOS, swims, slowness 1, strong legs 1
a: Hop


You were on level 4 of the Dungeon.
You were not hungry.

You visited 1 branch of the dungeon, and saw 4 of its levels.

You collected 141 gold pieces.

Inventory:

Hand Weapons
 a - a +0 long sword (weapon)
Armour
 b - a +0 scale mail (worn)
 c - a +0 kite shield (worn)
 i - a +0 cloak (worn)
 l - a +0 pair of gloves (worn)
Jewellery
 h - an amulet of guardian spirit (around neck)
Scrolls
 k - a scroll of fear {unknown}
 n - a scroll of enchant weapon {unknown}
 o - a scroll of noise {unknown}
 p - a scroll of teleportation
Potions
 d - 3 potions of might
 e - 2 potions of haste {unknown}
 g - a potion of brilliance {unknown}
 j - a potion of cancellation {unknown}
 m - a potion of magic {unknown}
Comestibles
 f - 3 rations


   Skills:
 + Level 6.0 Fighting
 + Level 5.2 Long Blades
 - Level 3.6 Armour
 - Level 3.2 Shields


You had 4 spell levels left.
You didn't know any spells.
Your spell library was empty.

Dungeon Overview and Level Annotations

Branches:
Dungeon (4/15)
 Temple: D:4-7

Altars:
Ashenzari


Innate Abilities, Weirdness & Mutations

You can be seen from farther away. (+LOS)
You can swim through water.
You cover ground slowly.
You can hop short distances.


Message History

The orc priest is moderately wounded.
You block the orc priest's attack.
You closely miss the orc priest.
The orc priest is moderately wounded.
The orc priest miscasts a cantrip.
You closely miss the orc priest.
The orc priest is moderately wounded.
The orc priest hits you with a +0 flail.
* * * LOW HITPOINT WARNING * * *
You hit the orc priest but do no damage.
The orc priest is moderately wounded.
The orc priest barely misses you.
You hit the orc priest.
The orc priest is moderately wounded.
You block the orc priest's attack.
You closely miss the orc priest.
The orc priest is moderately wounded.
The orc priest calls down the wrath of Beogh upon you.
Beogh smites you!
You die...

##### ##...# #....####
#........ ##
###########........ +...
+..................
##....#######...#.#.###+#
......oo@...'............
#############...#...###.#
#...#........
#####..<.....
..............
######..#..... #.....#.#
#.#####.# #.# .


You could see an orc priest and an orc.

Vanquished Creatures
  2 orc priests (D:3)
  2 orc wizards
  3 oozes
  A worm (D:2)
  A dart slug (D:2)
  6 leopard geckos
  9 orcs
  2 giant cockroaches (D:3)
  4 goblins
  6 hobgoblins
  2 jackals (D:2)
  9 kobolds
  A quokka (D:3)
  4 bats
  5 frilled lizards
  5 rats
62 creatures vanquished.

Notes
Turn   | Place    | Note
-------+----------+-------------------------------------------
     0 | D:1      | Faca the Barachi Fighter began the quest for the Orb.
     0 | D:1      | Reached XP level 1. HP: 18/18 MP: 1/1
   191 | D:1      | Reached XP level 2. HP: 25/25 MP: 2/2
   198 | D:1      | Reached skill level 4 in Fighting
   817 | D:2      | Reached XP level 3. HP: 27/31 MP: 3/3
  1058 | D:2      | Found a shattered altar of Ashenzari.
  1237 | D:3      | Reached XP level 4. HP: 38/38 MP: 4/4
  1354 | D:2      | Reached skill level 5 in Fighting
  1381 | D:3      | Reached XP level 5. HP: 18/44 MP: 2/5
  1646 | D:3      | Reached skill level 5 in Long Blades
  2248 | D:3      | You fall into a shaft and drop 1 floor!
  2518 | D:4      | Reached skill level 6 in Fighting
  2521 | D:4      | HP: 2/46 [orc priest/+0 flail (2)]
  2524 | D:4      | Killed from afar by an orc priest

Levels and vault maps discovered:
D:1:      dpeg_arrival_pits, layout_loops_corners
D:2:      layout_rooms, evilmike_ruin_ashenzari
D:3:      layout_rooms, first_ration, minivault_5
D:4:      layout_basic, zin_angel, lemuel_round_altar, cheibriados_altar_1,
          temple_pool_b, biasface_ghost_orc_armoury

Skill      XL: |  1  2  3  4  5 |
---------------+----------------+-----
Fighting       | 4 5 6 |  6.0
Long Blades    | 3 4 5 |  5.2
Armour         | |  3.6
Shields        | |  3.2

Action                   |  1- 3 |  4- 6 || total
-------------------------+-------+-------++-------
Melee: Long sword        |   108 |    99 ||   207
  Use: Scroll            |     4 |       ||     4
       Potion            |       |     4 ||     4
  Eat: Chunk             |     1 |     3 ||     4
       Ration            |       |     1 ||     1
Armor: Scale mail        |    67 |    44 ||   111
Dodge: Dodged            |    32 |    21 ||    53
Block: Kite shield       |    54 |    56 ||   110
       Rpst.: Long sword |    12 |     3 ||    15

Table legend:
 A = Non-vault XP
 B = Vault XP
 C = Vault XP percentage of total XP
 D = Non-vault monster count
 E = Vault monster count
 F = Vault count percentage of total count
                 A         B        C        D         E       F
            +---------+---------+-------+---------+---------+-------
      Total |     297 |       0 |   0.0 |      62 |       0 |   0.0
            +---------+---------+-------+---------+---------+-------
        D:1 |      33 |       0 |   0.0 |      17 |       0 |   0.0
        D:2 |      80 |       0 |   0.0 |      18 |       0 |   0.0
        D:3 |     139 |       0 |   0.0 |      24 |       0 |   0.0
        D:4 |      45 |       0 |   0.0 |       3 |       0 |   0.0
            +---------+---------+-------+---------+---------+-------
